 Dungeon Crawl Stone Soup version 0.30.0-3-ga4e48a9924 (webtiles) character file.

Game seed: 13138987680872071218

25 browni3141 the Conjurer (level 3, 0/28 HPs)
             Began as a Ghoul Conjurer on May 7, 2023.
             Slain by Jessica
             ... wielding a +0 dagger
              (4 damage)
             ... on level 2 of the Dungeon.
             The game lasted 00:02:05 (678 turns).

browni3141 the Conjurer (Ghoul Conjurer)             Turns: 678, Time: 00:02:06

Health: 0/28       AC:  2    Str: 12    XL:     3   Next: 4%
Magic:  0/4        EV: 11    Int: 13    God:
Gold:   49         SH:  0    Dex:  7    Spells: 2/5 levels left

rFire   . .          .
                       - Unarmed
rCold   + . .        (no shield)
rNeg    + + +        a - +0 robe
rPois   ∞            (no helmet)
rElec   .            (no cloak)
rCorr   .            (no gloves)
SInv    +            (no boots)
Will    .....        (no amulet)
Stlth   ++           p - ring of see invisible
HPRegen 0.00/turn    (no ring)
MPRegen 0.09/turn

%: no passive effects
@: inhibited regen
A: claws 1, cold resistance 1, negative energy resistance 3, inhibited
regeneration, torment resistance 2, devour on kill
a: no special abilities


You were on level 2 of the Dungeon.
You visited 1 branch of the dungeon, and saw 2 of its levels.

You collected 49 gold pieces.

Inventory:

Armour
 a - a +0 robe (worn)
Jewellery
 p - a ring of see invisible (left claw)
Scrolls
 o - a scroll of magic mapping {unknown}
 q - 2 scrolls of fog {unknown}
 r - a scroll of noise {unknown}
 s - 2 scrolls of teleportation {unknown}
 t - 3 scrolls of amnesia {unknown}
Potions
 m - a potion of magic
 n - a potion of resistance {unknown}
 u - a potion of berserk rage {unknown}
 v - a potion of brilliance {unknown}


   Skills:
 - Level 1.0 Fighting
 - Level 1.7 Dodging
 - Level 2.1 Stealth
 * Level 2.5 Unarmed Combat
 - Level 1.7 Spellcasting
 - Level 3.2 Conjurations


You had 2 spell levels left.
You knew the following spells:

 Your Spells              Type           Power      Damage    Failure   Level
a - Magic Dart            Conj           36%        1d4       7%          1
r - Searing Ray           Conj           18%        2d5       11%         2

Your spell library contained the following spells:

 Spells                   Type           Power      Damage    Failure   Level
 Dazzling Flash           Conj/Hex       10%        N/A       38%         3
 Fulminant Prism          Conj/Hex       2%         3d5       80%         4
 Iskenderun's Mystic Bla  Conj/Tloc      5%         2d3       80%         4


Dungeon Overview and Level Annotations

Branches:
Dungeon (2/15)

Altars:

Annotations:
D:2 Jessica


Innate Abilities, Weirdness & Mutations

You are immune to poison.
You have sharp fingernails.
Your flesh is cold resistant. (rC+)
You are immune to negative energy. (rN+++)
You do not regenerate when monsters are visible.
You are immune to unholy pain and torment.
You thrive by killing the living.


Message History

The adder bites you but does no damage. The adder attacks as you move away!
The adder barely misses you. x2
Jessica casts a spell.
Jessica blinks!
You barely miss the adder.
The adder is moderately wounded.
The adder barely misses you.
You scratch the adder but do no damage.
The adder is moderately wounded.
The adder bites you but does no damage. The adder misses you.
You scratch the adder.
The adder is heavily wounded.
The adder barely misses you.
You closely miss the adder.
The adder is heavily wounded.
The adder barely misses you.
You scratch the adder.
The adder is severely wounded.
The adder bites you.
You closely miss the adder.
The adder is severely wounded.
The adder closely misses you. The adder bites you.
You completely miss the adder.
The adder is severely wounded.
The adder misses you.
You barely miss the adder.
The adder is severely wounded.
The adder completely misses you.
You scratch the adder but do no damage.
The adder is severely wounded.
The adder barely misses you.
You scratch the adder.
The adder is almost dead.
The adder misses you. The adder barely misses you.
You scratch the adder.
You kill the adder!
You feel better.
Jessica mumbles some strange words.
Jessica blinks!
The jackal bites you.
Your Unarmed Combat skill increases to level 2!
You have reached level 3!
Your experience leads to an increase in your attributes!
Increase (S)trength, (I)ntelligence, or (D)exterity?
You feel stronger. x2
You barely miss the jackal. You closely miss the jackal. The jackal bites you.
The jackal closely misses you. The jackal barely misses you.
You scratch the jackal.
The jackal is moderately wounded.
The jackal bites you.
You closely miss the jackal.
The jackal is moderately wounded.
The jackal bites you.
You closely miss the jackal.
The jackal is moderately wounded.
The jackal barely misses you. The jackal completely misses you.
You scratch the jackal.
The jackal is severely wounded.
The jackal barely misses you.
Jessica casts a spell.
Jessica seems to speed up.
You scratch the jackal but do no damage.
The jackal is severely wounded.
The jackal closely misses you.
You closely miss the jackal.
The jackal is severely wounded.
The jackal bites you. x2
You are too injured to fight recklessly!
You are too injured to fight recklessly!
You scratch the jackal.
You kill the jackal!
The jackal barely misses you. The jackal attacks as you move away!
The jackal bites you.
You barely miss the jackal. The jackal barely misses you. x2
You miss the jackal.
Jessica gestures wildly while chanting.
Jessica blinks!
The jackal bites you but does no damage.
You completely miss the jackal. The jackal barely misses you.
Casting: Magic Dart (safe; 7% risk of failure)
Confirm with . or Enter, or press ? or * to list all spells.
Aiming: Searing Ray (safe; 11% risk of failure)
Press: ? - help, Shift-Dir - straight line, f - Jessica
Aim: Jessica, wielding a +0 dagger and wearing a +0 robe (fast, 76% to hit)
The searing ray misses Jessica. (Press . to maintain the ray.)
The jackal bites you. The jackal closely misses you.
Jessica hits you with a +0 dagger.
* * * LOW HITPOINT WARNING * * *
The searing ray hits Jessica.
Jessica is moderately wounded.
Jessica hits you with a +0 dagger.
* * * LOW HITPOINT WARNING * * *
The jackal completely misses you.
You barely miss Jessica.
Jessica is moderately wounded.
Jessica says, "Why did you come here?" Jessica hits you with a +0 dagger.
You die...

#...##.# ##.##.#
###...##.#
#.####
#........# #.#
#+ #........#
#.# #.
#.....).## #.#
#####. ###...###
#.# .....?#
#..[# #.#
.......## ##@##
#.# ........###
#@# ..........#
#h#
........#.####.#
...h..#......†.#
..... ###.######
..........#
......##### ####


You could see Jessica (fast) and a jackal.

Vanquished Creatures
  An adder (D:2)
  An endoplasm (D:1)
  4 goblins (D:1)
  A hobgoblin (D:1)
  A jackal (D:2)
  A quokka (D:1)
  2 bats (D:1)
  A frilled lizard (D:1)
  3 kobolds (D:1)
  2 rats (D:1)
17 creatures vanquished.

Notes
Turn   | Place    | Note
-------+----------+-------------------------------------------
     0 | D:1      | browni3141 the Ghoul Conjurer began the quest for the Orb.
     0 | D:1      | Reached XP level 1. HP: 14/14 MP: 2/2
   169 | D:1      | Found a faded altar of an unknown god.
   323 | D:1      | Reached XP level 2. HP: 23/23 MP: 3/3
   477 | D:1      | Learned a level 2 spell: Searing Ray
   639 | D:2      | Noticed Jessica
   662 | D:2      | Reached XP level 3. HP: 20/28 MP: 1/4
   678 | D:2      | Slain by Jessica

Illustrated notes

Levels and vault maps discovered:
D:1:      dpeg_arrival_rooms_with_view, layout_basic,
          shapermc_ecumenical_altar_totnotflames
D:2:      layout_loops_corners, basic_altar, uniq_jessica, uniq_robin

Skill      XL: |  1  2 |
---------------+-------+-----
Fighting       | 1 |  1.0
Unarmed Combat | 1 2 |  2.5
Dodging        | |  1.7
Stealth        | |  2.1
Spellcasting   | |  1.7
Conjurations   | |  3.2

Action                     || total
---------------------------++-------
  Melee: Unarmed           ||    58
         Punch             ||     1
   Cast: Magic Dart        ||    16
         Searing Ray       ||     1
   Stab: Sleeping          ||     2
 Armour: Robe              ||    10
  Dodge: Dodged            ||    49
